 Dungeon Crawl Stone Soup version 0.28-a0-1594-ga885d4b3d6 (webtiles) character file.

Game seed: 3339158609183292784

1509 frimble the Cutter (level 8, -8/60 HPs)
             Began as a Demonspawn Warper on Jan 21, 2022.
             Killed from afar by a steam dragon (12 damage)
             ... with a ball of steam
             ... on level 7 of the Dungeon.
             The game lasted 00:06:59 (8473 turns).

frimble the Cutter (Demonspawn Warper)              Turns: 8473, Time: 00:06:59

Health: -8/60      AC:  6    Str: 11    XL:     8   Next: 53%
Magic:  8/11       EV: 12    Int: 16    God:
Gold:   246        SH:  7    Dex: 14    Spells: 9/11 levels left

rFire   . . .      SeeInvis +   a - +1 short sword (freeze)
rCold   . . .      Faith    .   C - +2 buckler
rNeg    . . .      Spirit   .   b - +0 leather armour
rPois   .          Reflect  .   (no helmet)
rElec   .          Harm     .   (no cloak)
rCorr   .          Rampage  .   (no gloves)
Will    .....                   u - +0 pair of boots
Stlth   +++.......              (no amulet)
HPRegen 0.20/turn               p - ring of see invisible
MPRegen 0.12/turn               (no ring)

@: brilliant, very slightly contaminated
A: icy blue scales 1, foul stench 2, demonic touch 1
a: no special abilities


You were on level 7 of the Dungeon.
You visited 1 branch of the dungeon, and saw 7 of its levels.

You collected 246 gold pieces.

Inventory:

Hand Weapons
 a - a +1 short sword of freezing (weapon)
Missiles
 d - 8 boomerangs of dispersal
 f - 3 poisoned darts (quivered)
 i - 4 javelins
 r - 4 curare-tipped darts
 v - 7 boomerangs
 y - a throwing net
Armour
 b - a +0 leather armour (worn)
 u - a +0 pair of boots (worn)
 C - a +2 buckler (worn)
Jewellery
 e - an amulet of regeneration
 p - a ring of see invisible (left hand)
 z - an amulet of faith
Wands
 x - a wand of digging (4)
Scrolls
 c - a scroll of blinking
 h - a scroll of identify
 j - a scroll of vulnerability
 k - a scroll of enchant armour
 m - a scroll of magic mapping
 n - 2 scrolls of amnesia
 o - 2 scrolls of teleportation
Potions
 l - a potion of curing {unknown}
 q - a potion of magic {unknown}
 s - a potion of haste {unknown}
 t - a potion of invisibility {unknown}
 w - a potion of attraction {unknown}
 A - 2 potions of cancellation {unknown}
 B - a potion of resistance {unknown}


   Skills:
 - Level 4.2 Fighting
 + Level 6.1 Short Blades
 + Level 1.1 Throwing
 - Level 0.8 Armour
 - Level 3.5 Dodging
 - Level 5.1 Stealth
 + Level 3.2 Shields
 - Level 2.0 Spellcasting
 + Level 2.6 Translocations


You had 9 spell levels left.
You knew the following spells:

 Your Spells              Type           Power      Damage    Failure   Level
a - Blink                 Tloc           30%        N/A       19%         2

Your spell library contained the following spells:

 Spells                   Type           Power      Damage    Failure   Level
 Gell's Gravitas          Tloc           15%        N/A       34%         3
 Lesser Beckoning         Tloc           15%        N/A       34%         3
 Teleport Other           Tloc           15%        N/A       34%         3
 Ensorcelled Hibernation  Hex/Ice        4%         N/A       47%         2
 Sublimation of Blood     Necr           2%         N/A       47%         2
 Spider Form              Tmut/Pois      2%         N/A       71%         3
 Manifold Assault         Tloc           15%        N/A       97%         5
 Anguish                  Hex/Necr       1%         N/A       98%         4
 Petrify                  Tmut/Erth      2%         N/A       98%         4
 Irradiate                Conj/Tmut      1%         3d13      100%        5


Dungeon Overview and Level Annotations

Branches:
Dungeon (7/15)             Temple (0/1) D:5

Altars:
Sif Muna
Yredelemnul

Shops:
D:5 [


Innate Abilities, Weirdness & Mutations

You are partially covered in icy blue scales. (AC +2)
You sometimes emit foul miasma when damaged in melee.
Your touch may inflict minor irresistible damage on your foes.


Message History

The steam dragon is moderately wounded.
You are engulfed in a cloud of scalding steam.
The steam dragon bites you.
The steam dragon claws you but does no damage.
You hit the steam dragon but do no damage.
The steam dragon is moderately wounded.
The steam dragon barely misses you. x2
You hit the steam dragon but do no damage.
The steam dragon is heavily wounded.
The steam dragon looks more healthy.
The steam dragon misses you. x2
You hit the steam dragon. You freeze the steam dragon.
The steam dragon is heavily wounded.
The steam dragon bites you. You block the steam dragon's attack.
You hit the steam dragon but do no damage.
The steam dragon is heavily wounded.
You hit the steam dragon. You freeze the steam dragon.
The steam dragon is severely wounded.
The steam dragon breathes steam at you. The ball of steam hits you!!
* * * LOW HITPOINT WARNING * * *
Casting: Blink (safe; 19% risk of failure)
Confirm with . or Enter, or press ? or * to list all spells.
You miscast Blink.
You are very lightly contaminated with residual magic.
Nothing appears to happen.
You are engulfed in a cloud of scalding steam.
* * * LOW HITPOINT WARNING * * *
The steam dragon closely misses you. x2
Okay, then.
Unknown command.
Okay, then.
Blink to where?
Press: ? - help, Dir - move target, p - steam dragon
Found 13 gold pieces and a plate armour.
As you read the scroll of blinking, it crumbles to dust.
It was a potion of brilliance.
You feel clever all of a sudden. The steam dragon breathes steam at you.
The ball of steam hits you!
You die...

#.#..<...#
#########.###....#..
....................
##...........#.###...
#..)..###§...#.# ..
#.....+..§...#.# .
#.....###.####.#
##.....###.D.§§§#
#....$@§§..(#####
#[########.## ..D#
##..# ..# #..#


There were no monsters in sight!

Vanquished Creatures
  A water moccasin (D:6)
  A black bear (D:6)
  A necrophage (D:3)
  3 ogres (D:5)
  2 centaurs (D:6)
  A bullfrog (D:6)
  2 scorpions
  A gnoll sergeant (D:6)
  A bullfrog zombie (D:6)
  A hound (D:5)
  A jelly (D:4)
  2 orc priests
  4 orc wizards (D:6)
  An iguana (D:4)
  A hound skeleton (D:5)
  A howler monkey zombie (D:4)
  8 gnolls
  A howler monkey skeleton (D:4)
  6 adders
  A shadow imp (D:6)
  An adder skeleton (D:4)
  A dart slug (D:2)
  24 orcs
  2 ball pythons (D:1)
  6 bats
  8 endoplasms
  6 giant cockroaches
  5 goblins
  10 hobgoblins
  3 jackals (D:3)
  9 kobolds
  6 quokkas
  4 frilled lizards
  9 rats
134 creatures vanquished.

Notes
Turn   | Place    | Note
-------+----------+-------------------------------------------
     0 | D:1      | frimble the Demonspawn Warper began the quest for the Orb.
     0 | D:1      | Reached XP level 1. HP: 16/16 MP: 3/3
   213 | D:1      | Reached skill level 2 in Short Blades
   415 | D:1      | Gained mutation: Your touch may inflict minor irresistible
                  | damage on your foes. [demonic ancestry]
   415 | D:1      | Reached XP level 2. HP: 21/22 MP: 5/5
   524 | D:1      | Found a faded altar of an unknown god.
  1281 | D:2      | Gained mutation: You may rarely emit foul miasma when
                  | damaged in melee. [demonic ancestry]
  1281 | D:2      | Reached XP level 3. HP: 27/27 MP: 6/6
  1956 | D:2      | Reached skill level 3 in Short Blades
  1956 | D:2      | Gained mutation: You are partially covered in icy blue
                  | scales. (AC +2) [demonic ancestry]
  1956 | D:2      | Reached XP level 4. HP: 21/33 MP: 7/7
  2109 | D:2      | Noticed a scorpion
  2120 | D:2      | Killed a scorpion
  2527 | D:2      | Reached XP level 5. HP: 38/38 MP: 8/8
  3239 | D:3      | Learned a level 2 spell: Blink
  3340 | D:3      | Noticed a necrophage
  3366 | D:3      | Killed a necrophage
  3367 | D:3      | Reached skill level 4 in Short Blades
  3367 | D:3      | Reached skill level 1 in Stealth
  3586 | D:4      | Reached XP level 6. HP: 33/46 MP: 9/9
  5391 | D:5      | Entered Level 5 of the Dungeon
  5425 | D:5      | Gained mutation: You sometimes emit foul miasma when
                  | damaged in melee. [demonic ancestry]
  5425 | D:5      | Reached XP level 7. HP: 46/53 MP: 10/10
  5478 | D:5      | Found a staircase to the Ecumenical Temple.
  5623 | D:5      | Found Tokoyo's Dragon-Slaying Spoils.
  5829 | D:5      | Reached skill level 5 in Short Blades
  6077 | D:5      | Found a basalt altar of Yredelemnul.
  6088 | D:5      | Found a shimmering blue altar of Sif Muna.
  6526 | D:6      | Reached skill level 1 in Shields
  6969 | D:6      | Reached XP level 8. HP: 30/60 MP: 11/11
  7853 | D:6      | Reached skill level 5 in Stealth
  7863 | D:6      | Reached skill level 6 in Short Blades
  7985 | D:6      | Reached skill level 1 in Throwing
  8473 | D:7      | Killed from afar by a steam dragon

Illustrated notes

Levels and vault maps discovered:
D:1:      scummos_arrival_hexagon, layout_loops_ring, basic_ecumenical_altar,
          wander_ebering_terrifying_dragon_lair
D:2:      layout_loops_ring, minmay_pentomino_z4
D:3:      layout_rooms
D:4:      layout_basic, gup_sewer_entry_pipe, interstate_on_off
D:5:      layout_loops_ring, overflow_temple_1_default,
          nicolae_sif_muna_condensation, minmay_temple_entry_junction,
          nicolae_shop_dragon_depot
D:6:      layout_loops_corners, chequers_garden
D:7:      minmay_the_grid_triangle_9x9_rhombus_thin
          [minmay_the_grid_triangle_9x9_impossible_snake,
          minmay_the_grid_triangle_9x9_prize_schism,
          minmay_the_grid_triangle_9x9_alien,
          minmay_the_grid_triangle_9x9_minimal], layout_basic,
          mainiacjoe_overflow_chevrons, mainiacjoe_overflow_catch_the_wave,
          lemuel_old_faithful

Skill      XL: |  1  2  3  4  5  6  7  8 |
---------------+-------------------------+-----
Short Blades   | 2 3 4 5 6 |  6.1
Dodging        | 2 3 |  3.5
Stealth        | 1 3 4 5 |  5.1
Fighting       | 3 4 |  4.2
Shields        | 2 3 |  3.2
Throwing       | 1 |  1.1
Armour         | |  0.8
Spellcasting   | |  2.0
Translocations | |  2.6

Action                   |  1- 3 |  4- 6 |  7- 9 || total
-------------------------+-------+-------+-------++-------
Melee: Short sword       |   122 |   210 |   161 ||   493
       Punch             |     2 |     3 |     1 ||     6
       Touch             |    17 |    39 |    21 ||    77
Throw: Dart              |       |    11 |     7 ||    18
       Boomerang         |       |     3 |       ||     3
 Cast: Blink             |       |       |     1 ||     1
  Use: Scroll            |       |     9 |     2 ||    11
       Potion            |       |       |     1 ||     1
 Stab: Sleeping          |     1 |     3 |     3 ||     7
Armor: Leather armour    |    22 |    59 |    44 ||   125
Dodge: Dodged            |    66 |    96 |    87 ||   249
Block: Buckler           |       |       |     3 ||     3

Table legend: (Time is in decaauts)
 A = Elapsed time spent in this place.
 B = Non-inter-level travel time spent in this place.
 C = Inter-level travel time spent in this place.
 D = Time resting spent in this place.
 E = Time spent auto-exploring this place.
 F = Levels seen in this place.
 G = Mean time per level.
                   A        B        C        D        E       F      G
               +--------+--------+--------+--------+--------+-----+--------+
         Total |   8432 |   8118 |    314 |    372 |   6640 |   7 | 1204.6 |
       Dungeon |   8432 |   8118 |    314 |    372 |   6640 |   7 | 1204.6 |
               +--------+--------+--------+--------+--------+-----+--------+

Top non-repeatable levels by time:
     D:6: 1889 daAuts
     D:4: 1814 daAuts
     D:2: 1685 daAuts
     D:1: 1166 daAuts
     D:5: 1142 daAuts
     D:3: 709 daAuts
     D:7: 25 daAuts
